 Dungeon Crawl Stone Soup version 0.30-a0-414-gcb31657 (webtiles) character file.

Game seed: 13425897084556126180

2814 Dorkslayer the Slasher (level 9, -5/55 HPs)
             Began as a Gargoyle Fighter on Dec 7, 2022.
             Slain by a two-headed ogre
             ... wielding a +0 giant club
              (16 damage)
             ... on level 7 of the Dungeon.
             The game lasted 00:19:55 (7044 turns).

Dorkslayer the Slasher (Gargoyle Fighter)           Turns: 7044, Time: 00:19:56

Health: -5/55      AC: 22    Str: 20    XL:     9   Next: 72%
Magic:  9/9        EV: 12    Int:  9    God:
Gold:   301        SH: 10    Dex: 13    Spells: 8/8 levels left

rFire   . . .      SeeInvis .    a - +2 long sword (flame)
rCold   . . .      Faith    .    c - +0 buckler
rNeg    + . .      Spirit   .    j - +0 chain mail
rPois   ∞          Reflect  +    (no helmet)
rElec   +          Harm     .    f - +0 cloak
rCorr   .          Rampage  .    (no gloves)
Will    .....                    (no boots)
Stlth   ..........               u - amulet of reflection
HPRegen 0.29/turn                D - +4 ring of protection
MPRegen 0.11/turn                F - +4 ring of evasion

@: no status effects
A: sickness immunity, AC +6, negative energy resistance 1, electricity
resistance, torment resistance 1, petrification resistance
a: no special abilities


You were on level 7 of the Dungeon.
You visited 2 branches of the dungeon, and saw 9 of its levels.
You also visited: Sewer.

You collected 460 gold pieces.
You spent 159 gold pieces at shops.

Inventory:

Hand Weapons
 a - a +2 long sword of flaming (weapon)
Missiles
 k - a throwing net (quivered)
 p - 9 javelins
 t - 7 boomerangs
Armour
 c - a +0 buckler (worn)
 f - a +0 cloak (worn)
 j - a +0 chain mail (worn)
Jewellery
 e - a ring of protection from fire
 u - an amulet of reflection (around neck)
 D - a +4 ring of protection (left hand)
 F - a +4 ring of evasion (right hand)
Wands
 o - a wand of mindburst (13)
 x - a wand of acid (13)
Scrolls
 d - a scroll of immolation
 g - a scroll of brand weapon
 l - a scroll of fear
 r - a scroll of enchant armour {unknown}
 E - a scroll of amnesia {unknown}
Potions
 b - 3 potions of mutation
 h - a potion of lignification {unknown}
 i - 3 potions of heal wounds
 m - 5 potions of curing
 n - 3 potions of brilliance
 q - a potion of cancellation
 s - a potion of berserk rage
 w - a potion of haste {unknown}
 B - a potion of invisibility


   Skills:
 + Level 5.8 Fighting
 + Level 7.3 Long Blades
 + Level 1.5 Throwing
 + Level 6.4 Armour
 + Level 2.6 Dodging
 + Level 0.5 Stealth
 + Level 6.2 Shields
 * Level 4.2 Evocations


You had 8 spell levels left.
You didn't know any spells.
Your spell library contained the following spells:

 Spells                   Type           Power      Damage    Failure   Level
 Foxfire                  Conj/Fire      0%         2x1d4     99%         1
 Freeze                   Ice            0%         1d3       99%         1
 Wereblood                Tmut           0%         N/A       100%        2
 Frozen Ramparts          Ice            0%         1d1       100%        3
 Hailstorm                Conj/Ice       0%         3d3       100%        3
 Fireball                 Conj/Fire      0%         3d3       100%        5
 Starburst                Conj/Fire      0%         6d3       100%        6
 Summon Hydra             Summ           0%         N/A       100%        7
 Sublimation of Blood     Necr           Unusable   N/A       N/A         2

Dungeon Overview and Level Annotations

Branches:
Dungeon (8/15)             Temple (1/1) D:4           Sewer (visited)
   Lair: D:8-11

Altars:
Ashenzari
Cheibriados
Dithmenos
Elyvilon
Hepliaklqana
Kikubaaqudgha
Makhleb
Nemelex Xobeh
Okawaru
Qazlal
Ru
Sif Muna
Trog
Uskayaw
Vehumet
Wu Jian
Xom
Yredelemnul
Zin
The Shining One

Shops:
D:6 *


Innate Abilities, Weirdness & Mutations

You are immune to sickness and miasma.
Your stone body is resilient. (AC +6)
You are immune to poison.
You resist negative energy. (rN+)
You are resistant to electric shocks. (rElec)
You are resistant to unholy torment.
You are immune to petrification.


Message History

The two-headed ogre completely misses you.
You climb upwards.
There is a stone staircase leading down here.
You block the orc's attack. The two-headed ogre closely misses you.
You block the two-headed ogre's attack. The orc attacks as you move away!
You block the orc's attack.
The two-headed ogre looks more healthy.
You slash the orc! You burn the orc.
You kill the orc!
You hit the orc but do no damage. The orc closely misses you.
You hit the orc. You burn the orc.
The orc is moderately wounded.
You block the orc's attack.
You hit the orc. You burn the orc.
You kill the orc!
Throw: dart (curare)
Press: ? - help, Q - select action, (/) - cycle Shift-Dir - straight line, f - two-headed ogre
Aim: a two-headed ogre, wielding two +0 giant clubs (heavily wounded, 74% to hit)
You throw a curare-tipped dart.
The curare-tipped dart hits the two-headed ogre.
The two-headed ogre is poisoned.
The two-headed ogre convulses.
The two-headed ogre seems to slow down.
The two-headed ogre is severely wounded.
You closely miss the two-headed ogre.
The two-headed ogre is severely wounded.
The two-headed ogre hits you but does no damage.
The two-headed ogre barely misses you.
You barely miss the two-headed ogre.
The two-headed ogre is severely wounded.
You hit the two-headed ogre but do no damage.
The two-headed ogre is severely wounded.
The two-headed ogre hits you with a +0 giant club!
The two-headed ogre hits you with a +0 giant club!!
* * * LOW HITPOINT WARNING * * *
You slash the two-headed ogre! You burn the two-headed ogre.
The two-headed ogre is almost dead.
You hit the two-headed ogre but do no damage.
The two-headed ogre is almost dead.
The two-headed ogre hits you with a +0 giant club!
You die...

#........#.#....# #........
#..........#.^..######........
#........#.#.............)....
#.....#......>..#####.........
#.....#....#....#........(....
#.....#..÷..#.###.#...........
#.....#.....#.......#.........
#...........#O#.....##........
#...........#@#.....##........
#...................##........
#...........#.#.#.#.##########
#...............#.#....#
#..............##......#
#..............##......#
##.............##......#
#.............##......#
#.............##.######


You could see a two-headed ogre (very poisoned, slow).

Vanquished Creatures
  A hornet (D:7)
  A wraith (D:7)
  An orc warrior (D:6)
  2 sky beasts (D:6)
  A black bear (D:6)
  4 ogres
  2 centaurs (D:5)
  A kobold brigand (D:7)
  2 bullfrogs
  A necrophage (D:7)
  A scorpion (D:5)
  A howler monkey (D:7)
  6 jellies
  7 orc priests
  5 hounds
  A gnoll bouda (D:6)
  Jessica (D:2)
  6 iguanas
  3 orc wizards
  12 gnolls
  10 adders
  3 river rats (Sewer)
  2 shadow imps (D:6)
  2 white imps (D:7)
  An ufetubus (D:5)
  A worm (D:4)
  28 orcs
  13 endoplasms
  12 giant cockroaches
  12 goblins
  6 hobgoblins
  8 jackals
  6 quokkas
  9 ball pythons
  8 bats
  6 frilled lizards
  9 kobolds
  11 rats
  A bush (D:3)
207 creatures vanquished.

Vanquished Creatures (others)
  An orc wizard (D:4)
  7 plants (D:4)
8 creatures vanquished.

Grand Total: 215 creatures vanquished

Notes
Turn   | Place    | Note
-------+----------+-------------------------------------------
     0 | D:1      | Dorkslayer the Gargoyle Fighter began the quest for the
                  | Orb.
     0 | D:1      | Reached XP level 1. HP: 14/14 MP: 1/1
   221 | D:1      | Reached XP level 2. HP: 19/19 MP: 2/2
   554 | D:1      | Reached skill level 2 in Long Blades
   653 | D:2      | Noticed Jessica
   657 | D:2      | Killed Jessica
   658 | D:2      | Reached XP level 3. HP: 24/24 MP: 3/3
   802 | D:2      | Reached XP level 4. HP: 23/29 MP: 4/4
   816 | D:2      | Reached skill level 1 in Dodging
   838 | D:2      | HP: 1/29 [gnoll/+0 flail (2)]
  1163 | D:2      | Reached XP level 5. HP: 33/33 MP: 5/5
  1590 | D:3      | Noticed an ogre
  1599 | D:3      | Killed an ogre
  1600 | D:3      | Reached skill level 3 in Long Blades
  2046 | D:3      | Reached XP level 6. HP: 38/38 MP: 6/6
  2083 | D:3      | Identified the +1 robe of Sloth {rF+ Str+2 Int+4}
  2106 | D:3      | Reached skill level 1 in Throwing
  2308 | D:3      | Found a basalt altar of Yredelemnul.
  2308 | D:3      | Found a stormy altar of Qazlal.
  2911 | D:4      | Found a glowing drain.
  2925 | Sewer    | Entered a sewer
  3006 | Sewer    | Reached skill level 4 in Long Blades
  3040 | Sewer    | Reached XP level 7. HP: 39/43 MP: 7/7
  3114 | Sewer    | Reached skill level 1 in Evocations
  3331 | Sewer    | Found a viscous altar of Jiyva.
  3451 | D:4      | Found a staircase to the Ecumenical Temple.
  3460 | Temple   | Entered the Ecumenical Temple
  3733 | D:4      | You fall into a shaft and drop 2 floors!
  3792 | D:6      | Reached skill level 5 in Armour
  3826 | D:6      | Reached skill level 5 in Long Blades
  3838 | D:6      | Reached XP level 8. HP: 32/48 MP: 8/8
  3868 | D:6      | Found Qezxea's Assorted Antiques.
  3931 | D:6      | Bought a scroll labelled JARPHUIMPASH for 28 gold pieces
  3931 | D:6      | Bought an amethyst potion for 25 gold pieces
  3931 | D:6      | Bought a scroll of identify for 56 gold pieces
  3931 | D:6      | Bought a sedimented clear potion for 25 gold pieces
  3931 | D:6      | Bought a black potion for 25 gold pieces
  4119 | D:6      | Reached skill level 5 in Fighting
  4413 | D:5      | Entered Level 5 of the Dungeon
  4416 | D:5      | Found a broken altar of Ashenzari.
  4556 | D:6      | Reached skill level 6 in Long Blades
  5022 | D:5      | Reached XP level 9. HP: 49/54 MP: 9/9
  5193 | D:5      | Reached skill level 5 in Shields
  5886 | D:4      | Found a bloodstained altar of Trog.
  6424 | D:7      | Reached skill level 7 in Long Blades
  6497 | D:7      | Noticed a hornet
  6725 | D:7      | Killed a hornet
  7020 | D:8      | Noticed a two-headed ogre
  7044 | D:7      | Slain by a two-headed ogre

Illustrated notes

Levels and vault maps discovered:
D:1:      lemuel_arrival_room, layout_basic
D:2:      layout_basic, minmay_misc_feat_doors, hangedman_decor_diamond_cutter,
          uniq_jessica
D:3:      kennysheep_six_static_rooms, layout_loops_ring,
          gammafunk_temple_overflow_elements, minmay_strange_pillars,
          minmay_hedge_maze, minmay_ogre_servants
D:4:      layout_basic, trog_three_pillars_becter,
          minmay_temple_entry_enclosed_plants, portal_sewer_entry_f
D:5:      layout_basic, nicolae_overflow_hidden_temple
D:6:      layout_basic, serial_shops, nicolae_shop_crystal
D:7:      minmay_klotski, layout_basic, chequers_arboretum
D:8:      layout_rooms, mainiacjoe_overflow_brackets, lair_entry_dummy,
          serial_demonic, serial_demonic_f, serial_demonic_a, serial_demonic_c,
          serial_demonic_d, serial_demonic_c
Temple:   lightli_temple_of_artemis

Skill      XL: |  1  2  3  4  5  6  7  8  9 |
---------------+----------------------------+-----
Long Blades    | 2 3 4 5 6 7 |  7.3
Dodging        | 1 2 |  2.6
Armour         | 4 5 6 |  6.4
Fighting       | 4 5 |  5.8
Throwing       | 1 |  1.5
Shields        | 4 6 |  6.2
Evocations     | 2 3 4 |  4.2
Stealth        | |  0.5

Action                   |  1- 3 |  4- 6 |  7- 9 || total
-------------------------+-------+-------+-------++-------
Melee: Long sword        |    95 |   312 |   506 ||   913
Throw: Throwing net      |       |     2 |       ||     2
       Javelin           |       |     1 |     9 ||    10
       Dart              |       |       |     4 ||     4
  Use: Scroll            |       |     5 |    14 ||    19
       Potion            |       |     2 |       ||     2
 Stab: Held in net/web   |       |     1 |       ||     1
Armor: Scale mail        |    24 |       |       ||    24
       Chain mail        |    49 |   190 |   300 ||   539
Dodge: Dodged            |    67 |    90 |   189 ||   346
Block: Buckler           |    30 |    68 |   229 ||   327
       Reflection        |       |       |     8 ||     8

Table legend: (Time is in decaauts)
 A = Elapsed time spent in this place.
 B = Non-inter-level travel time spent in this place.
 C = Inter-level travel time spent in this place.
 D = Time resting spent in this place.
 E = Time spent auto-exploring this place.
 F = Levels seen in this place.
 G = Mean time per level.
                   A        B        C        D        E       F      G
               +--------+--------+--------+--------+--------+-----+--------+
         Total |   7275 |   7275 |      0 |      0 |   3647 |  10 |  727.5 |
       Dungeon |   6684 |   6684 |      0 |      0 |   3428 |   8 |  835.5 |
        Temple |     41 |     41 |      0 |      0 |      0 |   1 |   41.0 |
         Sewer |    549 |    549 |      0 |      0 |    219 |   1 |  549.0 |
               +--------+--------+--------+--------+--------+-----+--------+

Top non-repeatable levels by time:
     D:6: 1190 daAuts
     D:3: 1155 daAuts
     D:5: 1055 daAuts
     D:4: 953 daAuts
     D:2: 917 daAuts
     D:7: 731 daAuts
     D:1: 673 daAuts
   Sewer: 549 daAuts
  Temple: 41 daAuts
     D:8: 9 daAuts
